 Dungeon Crawl Stone Soup version 0.30.1-9-gdf580d7c3d (webtiles) character file.

Game seed: 13049034197135802353

2437782 SuperSeabass the Slayer (level 26, 164/164 HPs)
             Began as a Vine Stalker Berserker on Oct 4, 2023.
             Was the Champion of Trog.
             Escaped with the Orb
             ... and 4 runes on Oct 5, 2023!
             The game lasted 06:05:09 (62300 turns).

SuperSeabass the Slayer (Vine Stalker Berserker)   Turns: 62300, Time: 06:05:10

Health: 164/164    AC: 38    Str: 35    XL:     26   Next: 33%
Magic:  24/24      EV: 21    Int:  5    God:    Trog [******]
Gold:   3305       SH: 22    Dex: 24    Spells: 25/25 levels left

rFire   + + .        a - +6 demon whip (vamp)
rCold   + . .        k - +2 kite shield
rNeg    + + .        F - +7 shadow dragon scales
rPois   +            u - +2 hat of the Sky {rElec rN+ Dex+3}
rElec   +            A - +2 cloak
rCorr   +            X - +1 pair of gloves "Gymahir" {rPois}
SInv    +            y - +2 pair of boots
Will    +++..        V - amulet of Ypsehupn {Reflect Fragile Regen+ Int-2 SH+5 SInv}
Stlth   +++          N - ring of Pyosa {+Blink rF+ rN+ Dex+2}
HPRegen 2.07/turn    H - ring of Leaves {rF+ rC+ rCorr Str+6}
MPRegen 0.19/turn

%: reflection, guardian spirit
@: studying Long Blades
A: fangs 3, regeneration 1, magic shield, antimagic bite, no potion heal 2, thin
skeletal structure 1, evolution 2
0: Orb of Zot
}: 4/15 runes: decaying, slimy, silver, gossamer
a: Renounce Religion, Evoke Blink, Berserk, Trog's Hand, Brothers in Arms


You escaped.
You worshipped Trog.
Trog was exalted by your worship.
You visited 10 branches of the dungeon, and saw 52 of its levels.
You visited 1 bazaar.
You also visited: Sewer, Ice Cave and Wizlab.

You collected 8891 gold pieces.
You spent 5586 gold pieces at shops.

Inventory:

Hand Weapons
 a - a +6 vampiric demon whip (weapon)
 b - a +7 quick blade of electrocution
 c - a +9 demon whip of freezing
Missiles
 s - 29 poisoned darts
 B - 9 boomerangs (quivered)
 J - 15 javelins
 P - 9 silver boomerangs
 S - 3 silver javelins
 T - a throwing net
 U - 13 curare-tipped darts
Armour
 k - a +2 kite shield (worn)
 u - the +2 hat of the Sky (worn) {rElec rN+ Dex+3}
   (You found it on level 4 of the Spider Nest)

   Dex:       It affects your dexterity (+3).
   rElec:     It insulates you from electricity.
   rN:        It protects you from negative energy.
 y - a +2 pair of boots (worn)
 A - a +2 cloak (worn)
 F - +7 shadow dragon scales (worn)
 X - the +1 pair of gloves "Gymahir" (worn) {rPois}
   (You acquired it on level 8 of the Dungeon)

   rPois:     It protects you from poison.
Jewellery
 H - the ring of Leaves (right hand) {rF+ rC+ rCorr Str+6}
   (You found it on level 3 of the Depths)

   [ring of strength]

   Str:       It affects your strength (+6).
   rF:        It protects you from fire.
   rC:        It protects you from cold.
   rCorr:     It protects you from acid and corrosion.
 M - a ring of magical power
 N - the ring of Pyosa (left hand) {+Blink rF+ rN+ Dex+2}
   (You found it in a wizard's laboratory)

   [ring of protection from fire]

   Dex:       It affects your dexterity (+2).
   rF:        It protects you from fire.
   rN:        It protects you from negative energy.
   +Blink:    It lets you blink.
 V - the amulet of Ypsehupn (around neck) {Reflect Fragile Regen+ Int-2 SH+5 SInv}
   (You took it off a deep elf death mage on level 3 of the Elven Halls)

   [amulet of reflection]

   It reflects blocked missile attacks.
   Int:       It affects your intelligence (-2).
   SInv:      It lets you see invisible.
   Regen:     It increases your rate of health regeneration.
   Fragile:   It will be destroyed if unequipped.
   SH:        It affects your SH (+5).
 W - a ring of willpower
Wands
 d - a wand of digging (30)
 f - a wand of flame (50)
 i - a wand of iceblast (73)
 m - a wand of mindburst (60)
 p - a wand of polymorph (20)
 r - a wand of acid (16)
 z - a wand of paralysis (71)
Scrolls
 e - 2 scrolls of silence
 h - a scroll of butterflies
 j - 3 scrolls of fog
 n - 12 scrolls of immolation
 t - 17 scrolls of teleportation
 w - 4 scrolls of fear
 G - 2 scrolls of magic mapping
 K - 7 scrolls of blinking
 L - 6 scrolls of poison
Potions
 l - 16 potions of curing
 o - 9 potions of flight
 q - 21 potions of mutation
 v - 6 potions of resistance
 x - 7 potions of invisibility
 C - 3 potions of cancellation
 D - 3 potions of magic
 E - 4 potions of might
 I - 5 potions of haste
 Q - 11 potions of ambrosia
 R - 2 potions of berserk rage
 Y - 12 potions of attraction
 Z - 6 potions of lignification
Miscellaneous
 g - a box of beasts
 O - a lightning rod (4/4)


   Skills:
 * Level 25.0 Fighting
 - Level 10.0 Short Blades
 - Level 12.0 Maces & Flails
 - Level 16.0 Throwing
 + Level 16.6 Armour
 - Level 15.2 Dodging
 - Level 15.0 Stealth
 - Level 15.0 Shields
 - Level 13.2 Evocations


You had 25 spell levels left.
You didn't know any spells.
Your spell library was empty.

Dungeon Overview and Level Annotations

Branches:
Dungeon (15/15)            Temple (0/1) D:5            Lair (5/5) D:11
  Swamp (4/4) Lair:3       Spider (4/4) Lair:3        Slime (5/5) Lair:5
    Orc (2/2) D:11            Elf (3/3) Orc:2        Vaults (5/5) D:13
  Crypt (0/3) Vaults:2     Depths (4/4) D:15            Zot (5/5) Depths:4
  Sewer (visited)           IceCv (visited)          WizLab (visited)

Altars:
Ashenzari
Dithmenos
Elyvilon
Fedhas
Okawaru
Qazlal
Ru
Uskayaw
Vehumet
Jiyva

Shops:
D:3 *   D:7 :   D:8 (   D:11 :(*[!   D:13 :   Orc:1 *   Orc:2 =!(?   Elf:3 *
Vaults:3 (   Depths:3 [!(

Portals:
Hell: Depths:1 Depths:2 Depths:3 Depths:4
Abyss: Depths:3 Depths:4
Pandemonium: Depths:2
Ziggurat: Depths:4
Bazaar: Elf:1

Annotations:
D:7 1 runed translucent door, exclusion: door, Crazy Yiuf
Lair:3 exclusion: 5 oklob plants
Spider:2 Roxanne
Elf:2 3 runed translucent doors, exclusion: 3 doors
Depths:4 exclusions: 2 daevas and 2 more exclusions
Zot:5 2 exclusions


Innate Abilities, Weirdness & Mutations

You have razor-sharp teeth.
Your natural rate of healing is unusually fast.
When hurt, damage is shared between your health and your magic reserves.
Your bite disrupts and absorbs the magic of your enemies.
Potions cannot restore your health.
You have a somewhat thin skeletal structure. (Dex +2, Stealth+)
You have great hidden genetic potential.


Message History

There is a stone staircase leading down here.
You hear a grinding noise.
There is a stone staircase leading up here.
You climb upwards.
There is a stone staircase leading down here.
(D) Dungeon (T) Temple (L) Lair (S) Swamp (N) Spider Nest (M) Slime Pits (O) Orcish Mines (E) Elven Halls (V) Vaults (C) Crypt (U) Depths (H) Hell (Z) Zot
Where to? (Enter - D:4 @ (x,y), ? - help)
What level of the Dungeon? (default 1, ? - help)
There is a stone staircase leading up here.
You climb upwards.
There is a stone staircase leading down here.
There is a stone staircase leading up here.
You climb upwards.
There is a stone staircase leading down here.
A red devil comes into view. It is wielding a +0 trident.
You barely miss the red devil. You bite the red devil. You drain its power.
The red devil is lightly wounded.
You whack the red devil! You bite the red devil!!
You kill the red devil!
Trog accepts your kill. Trog grants you a weapon!
Something appears at your feet!
You see here a +2 heavy demon whip.
(D) Dungeon (T) Temple (L) Lair (S) Swamp (N) Spider Nest (M) Slime Pits (O) Orcish Mines (E) Elven Halls (V) Vaults (C) Crypt (U) Depths (H) Hell (Z) Zot
Where to? (Enter - D:1 @ (x,y), ? - help)
You see here a +0 whip.
You open the door.
(D) Dungeon (T) Temple (L) Lair (S) Swamp (N) Spider Nest (M) Slime Pits (O) Orcish Mines (E) Elven Halls (V) Vaults (C) Crypt (U) Depths (H) Hell (Z) Zot
Where to? (Enter - D:1 @ (x,y), ? - help)
There is an open door here.
There is a staircase leading out of the dungeon here.
You have escaped!

#.# #.###'###'# ## #.# #.#
#.~#~.# #######. ######.###.#
#.~~~.# #....##.
...........###.~8~.# #.##.##.
###..#.###...#.....# #.##.##. #
#.....##..##♣...♣# #.#.....
###......#..##P♣.♣P# #.#..##.
........#...###P.P## #.#..##.
####.#.##.#..#P#@#P# #.......
####.#.##...###.♣.## #....##.
.....#.####.# #♣#♣# #.#.###.
######'## #.######## #.#.###.
##...###....#.#.# #.#..##.
##.....#####...#.# #.>....>
##.......## ###.#.# ####..##
##.........####....##########...#
.+.........+....)................


There were no monsters in sight!

Vanquished Creatures
  the Royal Jelly (Slime:5)
  3 dread liches (Zot:5)
  2 ancient liches
  3 orbs of fire (Zot:5)
  Mara (Depths:2)
  Josephina (Depths:4)
  2 Killer Klowns (Zot:5)
  8 golden dragons
  the Enchantress (Depths:2)
  A bone dragon (Depths:4)
  A Brimstone Fiend (Depths:4)
  2 electric golems (Zot:5)
  Zenata (Vaults:2)
  23 Orb Guardians
  A walking crystal tome (Depths:3)
  9 tentacled monstrosities
  Jorgrun (D:14)
  An Ice Fiend (IceCv)
  5 liches
  3 quicksilver dragons
  4 titans (Vaults:5)
  2 deep elf blademasters (Elf:3)
  2 deep elf master archers (Elf:3)
  A death cob (Zot:5)
  18 acid blobs
  5 sphinxes
  An Executioner (D:10)
  4 tengu reavers
  6 shadow dragons
  A storm dragon (shapeshifter) (Elf:1)
  5 storm dragons
  9 rockslimes
  13 azure jellies
  A fenstrider witch (Swamp:3)
  3 emperor scorpions
  A balrug (Depths:2)
  2 frost giants
  3 fire giants
  An iron dragon (Vaults:5)
  5 ghost moths
  4 deep elf sorcerers
  22 ironbound preservers
  Aizul (Swamp:3)
  16 vault wardens
  9 quicksilver oozes
  A draconian shifter (Depths:4)
  3 deep elf elementalists (Elf:3)
  2 ghouls (Swamp:4)
  20 very ugly things
  5 spriggan defenders
  3 war gargoyles
  3 vampire knights
  3 reapers
  8 ironbound thunderhulks
  19 stone giants
  3 eleionomae
  9 deep elf demonologists
  2 white draconians (Zot:5)
  2 yellow draconians
  3 purple draconians
  2 green draconians
  5 deep elf annihilators
  3 black draconians
  3 red draconians
  5 spark wasps
  7 dire elephants
  4 bunyips
  3 crystal guardians
  4 fire dragons
  Snorg (Orc:2)
  An entropy weaver (shapeshifter) (WizLab)
  5 entropy weavers
  4 deep elf death magi (Elf:3)
  8 deep elf high priests
  20 yaktaur captains
  A merfolk javelineer (Depths:2)
  6 ettins
  2 shambling mangroves (Swamp:4)
  Fannar (Lair:2)
  2 rakshasas
  An ice dragon (Depths:3)
  12 great orbs of eyes
  29 vault guards
  26 hydras
  A catoblepas (shapeshifter) (Depths:3)
  A ghost crab (Swamp:2)
  Erica (Orc:2)
  8 spriggan air magi
  An ogre mage (Vaults:5)
  9 centaur warriors
  2 peacekeepers
  6 ironbound frosthearts
  6 radroaches
  3 catoblepae
  3 jorogumos
  9 alligators
  5 boulder beetles
  2 two-headed ogres
  3 death yaks
  22 dancing weapons
  2 deep troll shamans
  A hell hog (Depths:2)
  4 tengu warriors
  4 orc high priests
  15 deep troll earth magi
  7 spriggan berserkers
  A vampire mage (Depths:2)
  6 hell knights
  13 deep elf knights
  A titan zombie (Vaults:1)
  6 sun demons (Depths:2)
  Urug (D:12)
  Sonja (Orc:2)
  2 soul eaters (Depths:2)
  Amaemon (D:8)
  3 fire crabs (shapeshifter) (WizLab)
  A shadow wraith (Vaults:1)
  A skeletal warrior (Vaults:2)
  14 iron trolls
  5 skysharks
  A goliath frog (Swamp:4)
  4 pharaoh ants
  A quicksilver dragon simulacrum (Depths:4)
  Lodul (D:14)
  A sun moth (Spider:1)
  A goliath frog (shapeshifter) (Vaults:4)
  9 swamp dragons
  A glowing orange brain (shapeshifter) (Vaults:3)
  2 spriggan druids
  7 orb spiders
  7 bog bodies
  4 steelbarb worms
  73 deep trolls
  7 glowing orange brains
  15 wizards
  8 lindwurms
  19 ironbound convokers
  2 obsidian statues
  A golden dragon skeleton (Vaults:3)
  7 spriggan simulacra
  3 phantasmal warriors
  31 deep elf pyromancers
  6 orc sorcerers
  9 deep elf archers
  24 deep elf zephyrmancers
  10 orc knights
  6 necromancers
  A stone giant zombie (Vaults:1)
  43 ugly things
  14 wolf spiders
  A mana viper (shapeshifter) (WizLab)
  4 cyclopes
  4 oklob plants (Lair:4)
  An iron dragon skeleton (Depths:1)
  A wolf spider (shapeshifter) (Depths:1)
  A frost giant zombie (Depths:1)
  10 moths of wrath
  10 elephants
  4 will-o-the-wisps
  A stone giant skeleton (Vaults:5)
  2 manticores
  5 black mambas
  2 titan simulacra
  5 shining eyes
  A black mamba (shapeshifter) (WizLab)
  An eye of devastation (Slime:5)
  A guardian serpent (shapeshifter) (WizLab)
  20 vault sentinels
  5 demonic crawlers
  2 cane toads (shapeshifter) (WizLab)
  6 torpor snails
  22 cane toads
  2 smoke demons (Depths:2)
  An orange demon (D:8)
  2 gargoyles (D:13)
  30 yaktaurs
  Maggie (D:7)
  A hellion (Depths:2)
  A komodo dragon (shapeshifter) (WizLab)
  2 unseen horrors (D:11)
  12 ice devils (IceCv)
  An efreet (D:8)
  2 freezing wraiths
  7 komodo dragons
  4 rime drakes
  A golden dragon simulacrum (Depths:1)
  2 tengu conjurers
  An anaconda simulacrum (IceCv)
  A queen bee (Lair:4)
  3 meliai (Lair:4)
  A red devil (D:1)
  A meliai (shapeshifter) (WizLab)
  2 queen bees (shapeshifter) (WizLab)
  2 polar bears
  A polar bear (shapeshifter) (WizLab)
  A tarantella (shapeshifter) (WizLab)
  9 tyrant leeches
  2 bloated husks (Swamp:3)
  21 hornets
  A tengu simulacrum (Vaults:1)
  9 trolls
  A wind drake (shapeshifter) (WizLab)
  Prince Ribbit (D:5)
  A shadow dragon simulacrum (Depths:4)
  21 tarantellas
  A dream sheep (shapeshifter) (Vaults:5)
  A blink frog (shapeshifter) (WizLab)
  26 blink frogs
  7 dream sheep (Lair:5)
  2 human simulacra
  25 jumping spiders
  A culicivora (shapeshifter) (WizLab)
  89 slime creatures
  A spriggan (shapeshifter) (WizLab)
  17 spriggans
  12 culicivoras
  A jumping spider (shapeshifter) (WizLab)
  2 air elementals (Elf:1)
  3 wraiths
  22 yaks
  A deep troll skeleton (Vaults:3)
  Grum (D:8)
  A golden eye (shapeshifter) (WizLab)
  7 water elementals
  5 wyverns
  A hog (shapeshifter) (WizLab)
  51 redbacks
  A vampire (D:11)
  5 fire elementals
  A human (D:13)
  19 golden eyes
  A yak (shapeshifter) (Vaults:5)
  6 basilisks
  A redback (shapeshifter) (WizLab)
  A basilisk (shapeshifter) (WizLab)
  A steam dragon (D:9)
  9 vampire mosquitoes
  6 minotaur simulacra (IceCv)
  An iron golem (WizLab)
  5 large abominations (WizLab)
  2 wargs
  12 swamp worms
  3 hydra simulacra (IceCv)
  A human zombie (Vaults:3)
  5 hell hounds (D:14)
  2 acid dragons
  8 floating eyes
  16 water moccasins
  24 orc warriors
  4 swamp drakes
  An ice beast (D:7)
  A sky beast (D:6)
  A black bear (Lair:1)
  An alligator simulacrum (IceCv)
  An ettin simulacrum (IceCv)
  A black bear (shapeshifter) (D:14)
  13 ogres
  21 centaurs
  3 boggarts (Vaults:1)
  14 wolves
  A phantom (D:6)
  4 kobold brigands
  17 bullfrogs
  3 gnoll sergeants
  A necrophage (Swamp:4)
  A scorpion (D:5)
  A glowing shapeshifter simulacrum (Vaults:3)
  2 earth elementals
  6 deep troll simulacra (IceCv)
  4 wights (D:8)
  5 small abominations (WizLab)
  A killer bee (shapeshifter) (WizLab)
  42 killer bees
  A lindwurm simulacrum (IceCv)
  A jelly (D:5)
  4 electric eels
  9 howler monkeys
  2 hounds
  18 orc priests
  A jelly (shapeshifter) (D:15)
  Ijyb (D:5)
  2 gnoll boudas
  23 orc wizards
  A sleepcap (D:5)
  Natasha (thrice) (D:2)
  4 iguanas
  25 gnolls
  13 adders
  2 river rats (Sewer)
  A shadow imp (D:6)
  A white imp (D:7)
  An ufetubus (D:7)
  2 worms (D:2)
  2 dart slugs
  62 orcs
  3 bats
  6 endoplasms
  3 giant cockroaches
  5 goblins
  A hobgoblin (D:1)
  9 jackals
  33 kobolds
  9 quokkas
  4 ball pythons
  9 frilled lizards
  11 rats
2024 creatures vanquished.

Vanquished Creatures (collateral kills)
  Arachne (Spider:2)
  A storm dragon (Vaults:5)
  A draconian knight (Depths:4)
  A vault warden (Vaults:1)
  2 orc warlords (Vaults:2)
  A broodmother (Spider:3)
  An ironbound thunderhulk (Vaults:1)
  A very ugly thing (Depths:1)
  An eleionoma (Swamp:4)
  A spark wasp (Depths:3)
  An ettin (Vaults:2)
  9 vault guards
  A caustic shrike simulacrum (IceCv)
  2 dancing weapons (Elf:2)
  A deep troll earth mage (Depths:1)
  An orc high priest (Orc:2)
  3 spriggans (Depths:3)
  An orb spider (Spider:3)
  3 deep trolls
  2 ironbound convokers (Vaults:2)
  2 swamp dragons (Swamp:4)
  2 spriggan simulacra (IceCv)
  7 orc knights
  A deep elf pyromancer (Elf:2)
  2 lindwurms (Swamp:4)
  A necromancer (Depths:1)
  A salamander (shapeshifter) (WizLab)
  2 orc sorcerers (Orc:2)
  A manticore (shapeshifter) (WizLab)
  4 ugly things (Depths:1)
  A black mamba (shapeshifter) (WizLab)
  3 vault sentinels
  A cane toad (Lair:4)
  A torpor snail (Lair:5)
  An anaconda simulacrum (IceCv)
  An ice devil (IceCv)
  A hornet (shapeshifter) (WizLab)
  3 hornets (Depths:3)
  A slime creature (Vaults:2)
  A small abomination (WizLab)
  2 yaks
  A yak (shapeshifter) (WizLab)
  2 wyverns (Lair:4)
  A swamp worm (Swamp:4)
  A hydra simulacrum (IceCv)
  A water moccasin (Lair:4)
  3 orc warriors (Orc:1)
  An ogre (Orc:1)
  A wolf (Lair:4)
  2 alligator simulacra (IceCv)
  A deep troll simulacrum (IceCv)
  2 killer bees (Lair:4)
  An orc priest (Orc:1)
  A hell rat (Lair:4)
  An orc (Orc:1)
93 creatures vanquished.

Vanquished Creatures (others)
  A deep elf elementalist (Elf:3)
  A deep elf knight (Elf:3)
  An orb spider (Spider:2)
  3 deep elf zephyrmancers
  2 bloated husks
  A water elemental (Elf:1)
  A fire elemental (Elf:2)
  A killer bee (Lair:4)
  14 foxfires
25 creatures vanquished.

Grand Total: 2142 creatures vanquished

Notes
Turn   | Place    | Note
-------+----------+-------------------------------------------
     0 | D:1      | SuperSeabass the Vine Stalker Berserker began the quest for
                  | the Orb.
     0 | D:1      | Reached XP level 1. HP: 11/11 MP: 2/2
   142 | D:1      | Reached XP level 2. HP: 16/16 MP: 3/3
   161 | D:1      | Reached skill level 1 in Stealth
   314 | D:1      | Noticed a great orb of eyes
   320 | D:1      | Noticed an eye of devastation
   323 | D:1      | Found a faded altar of an unknown god.
   329 | D:1      | Noticed an eye of devastation
   331 | D:1      | Noticed a shining eye
   725 | D:1      | Reached skill level 3 in Fighting
   756 | D:1      | Reached XP level 3. HP: 20/20 MP: 4/4
  1154 | D:2      | Noticed Natasha
  1162 | D:2      | Killed Natasha
  1163 | D:2      | Gained mutation: Your natural rate of healing is unusually
                  | fast. [Vine Stalker growth]
  1163 | D:2      | Reached XP level 4. HP: 21/24 MP: 1/5
  1249 | D:2      | Noticed Natasha
  1264 | D:2      | Killed Natasha
  1332 | D:2      | Reached ** piety under Trog
  1463 | D:2      | Noticed Natasha
  1480 | D:2      | Killed Natasha
  1481 | D:2      | Reached XP level 5. HP: 24/28 MP: 2/6
  1576 | D:2      | Found an iron altar of Okawaru.
  1951 | D:3      | Found Pecohele's Assorted Antiques.
  2117 | D:3      | Found a radiant altar of Vehumet.
  2122 | D:3      | Found a broken altar of Ashenzari.
  2123 | D:3      | Found a sacrificial altar of Ru.
  2154 | D:3      | Found a glowing drain.
  2210 | Sewer    | Entered a sewer
  2382 | Sewer    | Reached XP level 6. HP: 33/33 MP: 7/7
  2439 | Sewer    | Reached *** piety under Trog
  2583 | Sewer    | Reached skill level 5 in Short Blades
  3013 | D:3      | Found a hide-covered altar of Uskayaw.
  3014 | D:3      | Found a shadowy altar of Dithmenos.
  3380 | D:4      | Reached skill level 4 in Fighting
  4186 | D:5      | Entered Level 5 of the Dungeon
  4214 | D:5      | Reached XP level 7. HP: 37/37 MP: 6/8
  4479 | D:5      | Noticed Ijyb
  4500 | D:5      | Killed Ijyb
  4521 | D:5      | Noticed Prince Ribbit
  4536 | D:5      | Found a staircase to the Ecumenical Temple.
  4549 | D:5      | Killed Prince Ribbit
  4550 | D:5      | Reached skill level 5 in Stealth
  4556 | D:5      | Gained mutation: You have razor-sharp teeth. [Vine Stalker
                  | growth]
  4556 | D:5      | Reached XP level 8. HP: 33/42 MP: 9/9
  4661 | D:5      | Reached skill level 5 in Fighting
  5316 | D:6      | Reached **** piety under Trog
  5703 | D:6      | Noticed a hornet
  5713 | D:6      | Killed a hornet
  5714 | D:6      | Reached XP level 9. HP: 48/48 MP: 7/10
  5914 | D:7      | Reached skill level 6 in Fighting
  5928 | D:7      | Found Jery's Self-Improvement Boutique.
  6156 | D:7      | Found a runed translucent door.
  6157 | D:7      | Noticed Crazy Yiuf
  6418 | D:7      | Noticed Maggie
  6706 | D:3      | Bought a shiny buckler for 187 gold pieces
  6706 | D:3      | Bought a twisted ivory ring for 125 gold pieces
  6802 | D:8      | Noticed an efreet
  6834 | D:8      | Killed an efreet
  6835 | D:8      | Reached skill level 1 in Shields
  6940 | D:8      | Identified 2 scrolls of acquirement
  6940 | D:8      | Acquired the +1 pair of gloves "Gymahir" {rPois}
  6947 | D:8      | Acquired the +1 helmet "Baas" {Dex+4}
  7057 | D:8      | Noticed Grum
  7146 | D:8      | Killed Grum
  7147 | D:8      | Reached skill level 7 in Fighting
  7172 | D:8      | Reached XP level 10. HP: 55/55 MP: 11/11
  7227 | D:8      | Reached skill level 10 in Short Blades
  7305 | D:8      | You fall into a shaft and drop 1 floor!
  7432 | D:8      | Found a transporter.
  7439 | D:8      | Noticed Amaemon
  7439 | D:8      | Noticed an orange demon
  7529 | D:8      | Killed Amaemon
  7535 | D:8      | Killed an orange demon
  7574 | D:8      | Found a transporter.
  7625 | D:8      | Reached skill level 8 in Fighting
  7706 | D:8      | Found Xulossosch's Weapon Shop.
  8016 | D:9      | Reached skill level 5 in Shields
  8057 | D:9      | Reached ***** piety under Trog
  8753 | D:10     | Entered Level 10 of the Dungeon
  8938 | D:10     | Noticed a two-headed ogre
  8951 | D:10     | Killed a two-headed ogre
  8952 | D:10     | Reached skill level 9 in Fighting
  8952 | D:10     | Reached XP level 11. HP: 62/62 MP: 12/12
  9150 | D:10     | Identified the +0 ring mail "Yrcheqir" {Contam Dex+6 SInv
                  | Stlth+}
  9855 | D:11     | Found Dahin's Book Boutique.
  9881 | D:11     | Noticed a cyclops
  9895 | D:11     | Killed a cyclops
  9919 | D:11     | Noticed a boulder beetle
  9963 | D:11     | Killed a boulder beetle
  9964 | D:11     | Reached skill level 10 in Fighting
  9964 | D:11     | Reached skill level 5 in Armour
 10048 | D:11     | Found Gupaorphi's Distillery.
 10077 | D:11     | Bought a potion of haste for 150 gold pieces
 10147 | D:11     | Found Ifaotaic's Antique Armour Boutique.
 10166 | D:11     | Found a staircase to the Lair.
 10185 | D:11     | Found Kaquddib's Assorted Antiques.
 10284 | D:11     | Bought a scroll labelled JOVUUHYN XIOFOI for 35 gold pieces
 10284 | D:11     | Bought a scroll labelled YGEIKUSTR TIBUQ for 35 gold pieces
 10290 | D:11     | Found Aneiggo's Weapon Shop.
 10433 | D:11     | Received a gift from Trog
 10636 | D:11     | Found a staircase to the Orcish Mines.
 10758 | Lair:1   | Entered Level 1 of the Lair of Beasts
 11033 | Lair:1   | You fall into a shaft and drop 1 floor!
 11102 | Lair:2   | Noticed Fannar
 11136 | Lair:2   | Killed Fannar
 11137 | Lair:2   | Reached skill level 11 in Fighting
 11292 | Lair:2   | Reached XP level 12. HP: 70/70 MP: 13/13
 11975 | Lair:1   | Noticed a catoblepas
 12000 | Lair:1   | Killed a catoblepas
 12402 | Lair:2   | Noticed a skyshark
 12451 | Lair:2   | Noticed a four-headed hydra
 12461 | Lair:2   | Killed a four-headed hydra
 12462 | Lair:2   | Reached skill level 12 in Fighting
 12926 | Lair:3   | Found a staircase to the Swamp.
 13309 | Lair:3   | Found a hole to the Spider Nest.
 13621 | Lair:3   | Received a gift from Trog
 13713 | Lair:3   | Reached skill level 1 in Throwing
 13718 | Lair:3   | Reached XP level 13. HP: 76/76 MP: 12/14
 14530 | Lair:4   | Reached skill level 5 in Dodging
 14851 | Lair:4   | Reached skill level 13 in Fighting
 15479 | Lair:5   | Entered Level 5 of the Lair of Beasts
 15589 | Lair:5   | Reached XP level 14. HP: 65/82 MP: 15/15
 15594 | Lair:5   | Reached skill level 5 in Throwing
 15611 | Lair:5   | Reached skill level 10 in Armour
 16238 | Lair:5   | Received a gift from Trog
 16403 | Lair:5   | Reached skill level 1 in Evocations
 16451 | Lair:5   | Found a staircase to the Slime Pits.
 16924 | Lair:5   | Reached skill level 1 in Maces & Flails
 17152 | Orc:1    | Entered Level 1 of the Orcish Mines
 17179 | Orc:1    | Found Bacrow's Assorted Antiques.
 17472 | Orc:2    | Entered Level 2 of the Orcish Mines
 17472 | Orc:2    | Found Zoosep's Magic Scroll Shoppe.
 17734 | D:7      | Bought a manual of Fighting for 960 gold pieces
 17914 | Orc:1    | Reached skill level 14 in Fighting
 18205 | Orc:2    | Reached ****** piety under Trog
 18211 | Orc:2    | Found Yclut's Antique Weapon Emporium.
 18212 | Orc:2    | Received a gift from Trog
 18263 | Orc:2    | Reached XP level 15. HP: 86/88 MP: 16/16
 18376 | Orc:2    | Found Aciarar's Distillery.
 18377 | Orc:2    | Found Elajig's Jewellery Shop.
 18392 | Orc:2    | Found Kucisedd's Jewellery Shop.
 18488 | Orc:2    | Noticed Snorg
 18508 | Orc:2    | Killed Snorg
 18511 | Orc:2    | Noticed Sonja
 18531 | Orc:2    | Killed Sonja
 18590 | Orc:2    | Found a staircase to the Elven Halls.
 18879 | Orc:2    | Bought a scroll of identify for 26 gold pieces
 18913 | Orc:1    | Noticed Erica
 18956 | Orc:2    | Killed Erica
 19498 | D:12     | Noticed Urug
 19504 | D:12     | Killed Urug
 20567 | D:13     | Found Puprofiu's Vocational Training.
 20773 | D:13     | Reached skill level 15 in Fighting
 20793 | D:13     | Found a gate to the Vaults.
 20881 | D:14     | Noticed Lodul
 20905 | D:14     | Received a gift from Trog
 20935 | D:14     | Found a frozen archway.
 20943 | IceCv    | Entered an ice cave
 21296 | IceCv    | Reached skill level 5 in Evocations
 21865 | IceCv    | Acquired a manual of Shields
 22096 | IceCv    | Reached skill level 5 in Maces & Flails
 22209 | IceCv    | Noticed an Ice Fiend
 22318 | IceCv    | Killed an Ice Fiend
 22755 | D:14     | Killed Lodul
 22756 | D:14     | Reached XP level 16. HP: 94/95 MP: 17/17
 22891 | D:14     | Identified the +1 leather armour of Intercession {Harm
                  | Str-2 Int+4}
 23324 | D:14     | Noticed Jorgrun
 23349 | D:14     | Killed Jorgrun
 23633 | D:15     | Entered Level 15 of the Dungeon
 23649 | D:15     | Received a gift from Trog
 23939 | D:15     | Reached skill level 16 in Fighting
 24223 | D:15     | Found a staircase to the Depths.
 24580 | Orc:2    | Bought the amulet of Reak {RegenMP Drain rElec Dex+6} for
                  | 561 gold pieces
 24727 | Swamp:1  | Entered Level 1 of the Swamp
 26719 | Swamp:3  | Noticed Aizul
 26723 | Swamp:3  | Killed Aizul
 26942 | Swamp:3  | Noticed a fenstrider witch
 26971 | Swamp:3  | Killed a fenstrider witch
 26988 | Swamp:3  | Reached XP level 17. HP: 82/102 MP: 18/18
 27014 | Swamp:3  | Reached skill level 10 in Dodging
 27460 | Swamp:4  | Entered Level 4 of the Swamp
 27579 | Swamp:4  | Identified the +8 great sword of Yliuce Ciosa {freeze,
                  | Will- rCorr Str+2}
 27633 | Swamp:4  | Reached skill level 17 in Fighting
 28073 | Swamp:4  | Received a gift from Trog
 28728 | Swamp:4  | Got a decaying rune of Zot
 29136 | D:7      | Killed Maggie
 29784 | Spider:1 | Entered Level 1 of the Spider Nest
 30933 | Spider:1 | Reached skill level 10 in Shields
 31430 | Spider:2 | Noticed Roxanne
 31500 | Spider:2 | Reached XP level 18. HP: 88/109 MP: 16/19
 31704 | Spider:2 | Received a gift from Trog
 32020 | Spider:2 | Reached skill level 18 in Fighting
 32196 | Spider:3 | Noticed Arachne
 32212 | Spider:2 | Killed Arachne
 32412 | Spider:3 | Reached skill level 10 in Maces & Flails
 33213 | Spider:4 | Entered Level 4 of the Spider Nest
 33564 | Spider:4 | Received a gift from Trog
 34393 | Spider:4 | Identified the +2 hat of the Sky {rElec rN+ Dex+3}
 34413 | Spider:4 | Got a gossamer rune of Zot
 34743 | Vaults:1 | Entered Level 1 of the Vaults
 34967 | Vaults:1 | Received a gift from Trog
 35039 | Vaults:1 | Reached XP level 19. HP: 95/115 MP: 16/20
 36268 | Vaults:1 | Reached skill level 19 in Fighting
 36650 | Vaults:2 | Noticed Zenata
 36812 | Vaults:2 | Killed Zenata
 37147 | Vaults:2 | Received a gift from Trog
 37489 | Vaults:2 | You fall into a shaft and drop 2 floors!
 37556 | Vaults:4 | Reached XP level 20. HP: 121/121 MP: 21/21
 37687 | Vaults:4 | Reached skill level 10 in Stealth
 38006 | Vaults:4 | Identified the +3 whip "Reukhuni" {heavy, Dex+3}
 38463 | Vaults:4 | Received a gift from Trog
 38648 | Vaults:4 | Identified the +8 battleaxe of Hyacreeps {pain, rN+ Will+
                  | Dex-2}
 39209 | Vaults:3 | Acquired a +2 quick blade of electrocution
 39542 | D:13     | Bought a manual of Evocations for 1280 gold pieces
 39896 | Vaults:2 | Received a gift from Trog
 40139 | Vaults:2 | Found a staircase to the Crypt.
 40367 | Vaults:2 | Reached XP level 21. HP: 115/127 MP: 20/22
 40514 | Vaults:3 | Identified the +0 scale mail of Upli {Int+2 SInv}
 40847 | Vaults:3 | Found Ibbuseg's Weapon Shoppe.
 41195 | Vaults:3 | Reached skill level 20 in Fighting
 41448 | Vaults:3 | Found a gateway to a bazaar.
 42271 | Elf:1    | Entered Level 1 of the Elven Halls
 42424 | Elf:1    | Received a gift from Trog
 42542 | Elf:1    | Paralysed by an air elemental for 1 turns
 42547 | Elf:1    | Paralysed by an air elemental for 1 turns
 43091 | Elf:1    | Received a gift from Trog
 43276 | Elf:1    | Found a gateway to a bazaar.
 43558 | Elf:2    | Reached skill level 15 in Shields
 43667 | Elf:2    | Found a runed translucent gate.
 43667 | Elf:2    | Found a runed translucent gate.
 43668 | Elf:2    | Found a runed translucent gate.
 44259 | Bazaar   | Entered a bazaar
 44259 | Bazaar   | Found Wawit's Magic Scroll Emporium.
 44265 | Bazaar   | Found Vudoykk's Antique Weapon Shoppe.
 44267 | Bazaar   | Bought a scroll of blinking for 105 gold pieces
 44267 | Bazaar   | Bought a scroll of blinking for 105 gold pieces
 44269 | Bazaar   | Found Woacaten's Magic Scroll Shop.
 44279 | Bazaar   | Found Suahom's General Store.
 44288 | Bazaar   | Bought a scroll of enchant weapon for 67 gold pieces
 44315 | Bazaar   | Found Sosuin's Magic Scroll Boutique.
 44323 | Bazaar   | Bought a scroll of blinking for 90 gold pieces
 44323 | Bazaar   | Bought a scroll of fog for 48 gold pieces
 44347 | Bazaar   | Bought a buzzing rapier for 198 gold pieces
 44347 | Bazaar   | Identified the +2 rapier "Kene" {heavy, Will+} (You bought
                  | it in a shop in a bazaar)
 44352 | Bazaar   | Bought a scroll of enchant weapon for 52 gold pieces
 44352 | Bazaar   | Bought a scroll of fog for 28 gold pieces
 44352 | Bazaar   | Bought a scroll of enchant weapon for 52 gold pieces
 44352 | Bazaar   | Bought a scroll of fear for 28 gold pieces
 44364 | Bazaar   | Bought a wand of acid (8) for 302 gold pieces
 44595 | Depths:1 | Entered Level 1 of the Depths
 44676 | Depths:1 | Received a gift from Trog
 44746 | Depths:1 | You fall into a shaft and drop 1 floor!
 44905 | Depths:2 | Noticed the Enchantress
 44927 | Depths:2 | Killed the Enchantress
 44928 | Depths:2 | Reached XP level 22. HP: 56/134 MP: 23/23
 45172 | Depths:2 | Reached skill level 10 in Evocations
 45217 | Depths:1 | Found a gateway to Hell.
 45260 | Depths:1 | Found a blossoming altar of Fedhas.
 45325 | Depths:1 | Found a stormy altar of Qazlal.
 45414 | Depths:1 | Reached skill level 21 in Fighting
 45910 | Depths:2 | Paralysed by a floating eye for 4 turns
 46056 | Depths:2 | Found a one-way gate leading to the halls of Pandemonium.
 46108 | Depths:2 | Received a gift from Trog
 46640 | Depths:2 | Noticed Mara
 46650 | Depths:2 | Noticed SuperSeabass's illusion
 46660 | Depths:2 | Killed Mara
 46888 | Depths:3 | Found a white marble altar of Elyvilon.
 46894 | Depths:3 | Found a one-way gate to the infinite horrors of the Abyss.
 47267 | Depths:3 | Received a gift from Trog
 47441 | Depths:3 | Found Usouph's Antique Armour Boutique.
 47443 | Depths:3 | Found Gizosk's Antique Weapon Shop.
 47443 | Depths:3 | Found Vycim's Distillery.
 47448 | Depths:3 | Found Omnamugoa's Distillery.
 47607 | Depths:3 | Found a transporter.
 47614 | Depths:3 | Found a transporter.
 47614 | Depths:3 | Found a viscous altar of Jiyva.
 48065 | Depths:4 | Entered Level 4 of the Depths
 48222 | Depths:4 | Found a magical portal.
 48225 | WizLab   | Entered Cigotuvi's Fleshworks
 48390 | WizLab   | Reached XP level 23. HP: 137/141 MP: 22/24
 48670 | WizLab   | Paralysed by a floating eye for 3 turns
 48690 | WizLab   | Received a gift from Trog
 48693 | WizLab   | Paralysed by a floating eye for 4 turns
 48740 | WizLab   | Paralysed by a floating eye for 4 turns
 48746 | WizLab   | Paralysed by a floating eye for 2 turns
 48783 | WizLab   | Identified the ring of Pyosa {+Blink rF+ rN+ Dex+2}
 49272 | Depths:4 | Identified the staff of cold "Piwacveu" {rElec rC+ Will+}
 49272 | Depths:4 | Identified the ring of Cohacoeh {Ice rElec rPois}
 49272 | Depths:4 | Noticed Josephina
 49301 | Depths:4 | Killed Josephina
 49374 | Depths:4 | Reached skill level 15 in Armour
 49404 | Depths:4 | Reached skill level 22 in Fighting
 49453 | Depths:4 | Reached skill level 15 in Dodging
 49611 | Depths:4 | Found a gate to the Realm of Zot.
 49682 | Depths:4 | Noticed a golden dragon
 49697 | Depths:4 | Killed a golden dragon
 50041 | Depths:4 | Found a one-way gateway to a ziggurat.
 50864 | Elf:3    | Entered Level 3 of the Elven Halls
 50876 | Elf:3    | Received a gift from Trog
 51317 | Elf:3    | Found Muizxies's Assorted Antiques.
 51809 | D:7      | Bought a manual of Throwing for 960 gold pieces
 52354 | Depths:3 | Gained mutation: Your magical capacity is low. (-10% MP) [a
                  | shining eye]
 52521 | Depths:3 | Identified the ring of Leaves {rF+ rC+ rCorr Str+6}
 52873 | Elf:3    | Identified the +1 war axe of Defiance {freeze, rC++ rN+}
 52884 | Elf:3    | Received a gift from Trog
 53019 | Elf:3    | Identified the +8 broad axe "Hulae" {freeze, Dex+4}
 53220 | Elf:3    | Identified the +1 leather armour of Kyaririr {Dex+2}
 53220 | Elf:3    | Identified the amulet of Levot Roch {Faith rElec rF- rCorr}
 53242 | Elf:3    | Reached skill level 10 in Throwing
 53373 | Elf:3    | Reached XP level 24. HP: 146/148 MP: 21/21
 53387 | Elf:3    | Identified the +1 leather armour "Ylamili" {Will+ Stlth+}
 53387 | Elf:3    | Identified the amulet of Ypsehupn {Reflect Fragile Regen+
                  | Int-2 SH+5 SInv}
 53617 | Elf:3    | Identified the staff of conjuration "Acont" {Int+4}
 53630 | Elf:3    | Identified the staff of air "Zahirase" {rElec rC- Int+3}
 53631 | Elf:3    | Identified the staff of fire "Wecsukhin" {rF+ SInv}
 53991 | Slime:1  | Entered Level 1 of the Pits of Slime
 54028 | Slime:1  | Received a gift from Trog
 56323 | Slime:5  | Entered Level 5 of the Pits of Slime
 56410 | Slime:5  | Received a gift from Trog
 56456 | Slime:5  | Reached skill level 23 in Fighting
 56652 | Slime:5  | Noticed the Royal Jelly
 56781 | Slime:5  | Killed the Royal Jelly
 56910 | Slime:5  | Found the +8 storm bow {elec, penet}
 56925 | Slime:5  | Gained mutation: Your spells are a little easier to cast,
                  | but a little less powerful. [a shining eye]
 56992 | Slime:5  | Found the +5 robe of Night {Dark Will+ SInv}
 57087 | Slime:5  | Got a slimy rune of Zot
 57089 | Slime:5  | Identified the +8 great sword of the Chewing Dove {holy,
                  | Dex+4}
 57092 | Slime:5  | Identified the +9 scimitar "Itue" {heavy, rF+}
 57105 | Slime:5  | Identified the staff of cold "Afat" {rC+ Str+6}
 57120 | Slime:5  | Identified the ring of Equivalence {Fire Int+4}
 57145 | Slime:5  | Identified the +9 quarterstaff "Hoginub" {venom, rPois
                  | Int+4}
 58076 | Depths:3 | Bought a potion of invisibility for 96 gold pieces
 58076 | Depths:3 | Bought a potion of magic for 96 gold pieces
 58357 | Vaults:5 | Entered Level 5 of the Vaults
 58680 | Vaults:5 | Reached skill level 15 in Throwing
 58773 | Vaults:5 | Identified the +3 dire flail of the Dark Horse {flame, rC-
                  | Dex+3}
 58773 | Vaults:5 | Identified the +0 robe of Entitlement {Rampage rC+ rN+
                  | Dex+3}
 58787 | Vaults:5 | Received a gift from Trog
 58807 | Vaults:5 | Identified the ring "Gaitier" {*Corrode Fly rF+ rC- Int+8}
 58979 | Vaults:5 | Noticed an ancient lich
 58996 | Vaults:5 | Killed an ancient lich
 58997 | Vaults:5 | Reached XP level 25. HP: 153/154 MP: 21/21
 59350 | Vaults:5 | Identified the +5 rapier of a Labyrinth {heavy, *Slow rPois
                  | Will+ Str+2} (Trog gifted it to you on level 5 of the
                  | Vaults)
 59350 | Vaults:5 | Received a gift from Trog
 59783 | Vaults:5 | Identified the +5 quarterstaff of Sufaon {drain, *Noise
                  | Will++ Dex+3 SInv}
 59906 | Vaults:5 | Got a silver rune of Zot
 60569 | Zot:1    | Entered Level 1 of the Realm of Zot
 60757 | Zot:5    | Entered Level 5 of the Realm of Zot
 60779 | Zot:5    | Reached skill level 24 in Fighting
 61159 | Zot:5    | Received a gift from Trog
 61269 | Zot:5    | Noticed an ancient lich
 61305 | Zot:5    | Killed an ancient lich
 61329 | Zot:5    | Noticed an orb of fire
 61345 | Zot:5    | Noticed a Killer Klown
 61357 | Zot:5    | Noticed a dread lich
 61361 | Zot:5    | Killed an orb of fire
 61383 | Zot:5    | Killed a dread lich
 61392 | Zot:5    | Killed a Killer Klown
 61435 | Zot:5    | Noticed a dread lich
 61462 | Zot:5    | Killed a dread lich
 61478 | Zot:5    | Noticed an orb of fire
 61483 | Zot:5    | Gained mutation: You sometimes lose your temper in combat.
                  | [an orb of fire]
 61502 | Zot:5    | Killed an orb of fire
 61503 | Zot:5    | Reached XP level 26. HP: 147/163 MP: 20/21
 61506 | Zot:5    | Lost mutation: Your magical capacity is low. (-10% MP)
                  | [potion of mutation]
 61506 | Zot:5    | Lost mutation: Your spells are a little easier to cast, but
                  | a little less powerful. [potion of mutation]
 61506 | Zot:5    | Gained mutation: You passively map a small area around you.
                  | [potion of mutation]
 61506 | Zot:5    | Gained mutation: You occasionally shout uncontrollably at
                  | your foes. [potion of mutation]
 61507 | Zot:5    | Lost mutation: You sometimes lose your temper in combat.
                  | [potion of mutation]
 61507 | Zot:5    | Lost mutation: You passively map a small area around you.
                  | [potion of mutation]
 61507 | Zot:5    | Gained mutation: You are somewhat resistant to further
                  | mutation. [potion of mutation]
 61508 | Zot:5    | Lost mutation: You are somewhat resistant to further
                  | mutation. [potion of mutation]
 61508 | Zot:5    | Lost mutation: You occasionally shout uncontrollably at
                  | your foes. [potion of mutation]
 61508 | Zot:5    | Gained mutation: You have hidden genetic potential. [potion
                  | of mutation]
 61508 | Zot:5    | Gained mutation: You have great hidden genetic potential.
                  | [potion of mutation]
 61508 | Zot:5    | Gained mutation: You have a somewhat thin skeletal
                  | structure. (Dex +2, Stealth+) [potion of mutation]
 61520 | Zot:5    | Noticed an orb of fire
 61547 | Zot:5    | Killed an orb of fire
 61552 | Zot:5    | Noticed a dread lich
 61603 | Zot:5    | Killed a dread lich
 61604 | Zot:5    | Reached skill level 15 in Stealth
 61755 | Zot:5    | Noticed a Killer Klown
 61772 | Zot:5    | Killed a Killer Klown
 61781 | Zot:5    | Got the Orb of Zot
 61781 | Zot:5    | Noticed an orb of fire
 61815 | Zot:5    | Noticed an ancient lich
 61818 | Zot:5    | Noticed an ancient lich
 61849 | Zot:4    | Reached skill level 25 in Fighting
 62263 | D:1      | Received a gift from Trog
 62300 | D:$      | Escaped with the Orb!

Illustrated notes

Levels and vault maps discovered:
D:1:      tarquinn_simple_flora_water_d, layout_loops_corners,
          hellmonk_ecumenical_altar_watching_god
D:2:      layout_basic, basic_altar, uniq_natasha
D:3:      layout_basic, grunt_temple_overflow_open, serial_shops, shop,
          portal_sewer_entry_b, dk_vineyard_1, mrwooster_statue_mirror,
          minmay_misc_feat_chi
D:4:      layout_loops_cross, serial_bayou_pond_e, nicolae_zen_rock_garden,
          corner_web_ring, kennysheep_decorative_pillar,
          hangedman_abyss_or_decor_jellyfish_corner,
          nicolae_concentric_dashed_squares_mild
D:5:      layout_basic, minmay_temple_entry_stoned_glass, serial_corexii_hall,
          corexii_hall_statues_t, chequers_hall_statues_y, uniq_prince_ribbit1,
          uniq_ijyb
D:6:      layout_rooms
D:7:      layout_loops_ring, nicolae_shop_self_help, uniq_maggie,
          uniq_crazy_yiuf_cottage
D:8:      gammafunk_steamed_eel, layout_basic, serial_shops, shop, uniq_grum,
          uniq_amaemon
D:9:      layout_layer_cave, hangedman_decor_riveting
D:10:     layout_grid_maze, feat_on_display
D:11:     layout_gridville, lair_entry_dummy, hiddenorc1_lemuel, serial_shops,
          nicolae_diamond_shop, shop, nicolae_shop_overgrown_old_shop,
          nicolae_square_shop, shop
D:12:     layout_loops_ring, serial_glass, glass_columns_a, glass_columns_a,
          uniq_urug
D:13:     layout_grid_maze, grunt_vaults_entry_fortified,
          nicolae_shop_vocational
D:14:     layout_roguey, portal_ice_cave_entry_pillars_three, minivault_25,
          uniq_jorgrun, uniq_lodul
D:15:     hangedman_depths_entry_civil_slaughter, layout_cave_pools
Lair:1:   layout_cave_pods, serial_bayou_shore_a, grunt_megastairs_1,
          lemuel_fruit_tree, infiniplex_staircase_pool_2
Lair:2:   layout_regular_city, uniq_fannar
Lair:3:   layout_chaotic_city, minmay_swamp_entry_reptiles,
          nicolae_spider_entry_lesser_pyramids, dpeg_oklob_1
Lair:4:   hangedman_what_comes_after_a, layout_cave_pods, grunt_megastairs_4,
          serial_bayou_shore_b, serial_bayou_shore_b
Lair:5:   minmay_lair_end_frog_pond, layout_cave_pods, slime_entry_1
Swamp:1:  layout_basic_swamp, evilmike_swamp_ruin_rubble_2, swamp_pool1
Swamp:2:  layout_basic_swamp, evilmike_swamp_ruin_house_2,
          infiniplex_staircase_pool
Swamp:3:  layout_basic_swamp, hangedman_swamp_diagram, roderic_carrion_pond,
          uniq_aizul
Swamp:4:  swamp_alternative, layout_basic_swamp, swamp_pool1
Spider:1: layout_cave_pods, nicolae_spider_some_kinda_spiderbox,
          hangedman_spider_tarantella_strand
Spider:2: layout_spider_delve, uniq_roxanne
Spider:3: layout_spider_delve, uniq_arachne
Spider:4: grunt_spider_rune_parallel
Slime:1:  layout_caves
Slime:2:  layout_caves
Slime:3:  layout_caves
Slime:4:  nicolae_slime_jelly_donut, layout_caves,
          nicolae_slime_getting_an_eyeful
Slime:5
Orc:1:    layout_caves, serial_shops, nicolae_shop_window_shopping,
          nicolae_orc_rockfall, uniq_erica
Orc:2:    st_orc_elflike, layout_caves, serial_shops, shop, uniq_snorg,
          uniq_sonja
Elf:1:    minmay_elf_arrival_circle, layout_gridlike, serial_shops,
          bzr_firewalk, hangedman_elven_crosses_minicolossus
Elf:2:    elven_hall_of_blades_hangedman_original [nicolae_blade_bullseye],
          layout_loops_cross
Elf:3:    grunt_elf_hall_asides, layout_gridlike, serial_shops,
          nicolae_shop_behind_doors, hangedman_elf_power_crystal
Vaults:1: st_more_cells, hangedman_vaults_cutoff,
          hangedman_vaults_stretched_pinwheel, v_misc_28,
          ontoclasm_vaults_ring_small, nicolae_vaults_tetromino_L_1, v_rooms_6,
          nicolae_vaults_wine_cellar, nicolae_vaults_sesquioval_fish,
          layout_vaults_big_cross
Vaults:2: nicolae_vaults_ellipses_ellipsis, minmay_crypt_entry_simple_walls,
          nicolae_vaults_triangles, nicolae_vaults_turnstiles,
          grunt_vaults_hallway_short, v_misc_24, nicolae_vaults_tetromino_L_2,
          nicolae_vaults_six-pack, nicolae_vaults_closet_pinwheel_4,
          vaults_room_stairs_pillars, layout_vaults_omnigrid, uniq_zenata
Vaults:3: nicolae_vaults_good_morning_starshine, vaults_room_pool,
          hangedman_vaults_cutoff, nicolae_vaults_trapezoid_lopsided_1,
          hangedman_vaults_nails, nicolae_vaults_back_hallway,
          vaults_room_large_hall, nicolae_vaults_little_squares_4,
          nicolae_vaults_taking_the_gang_shopping, vaults_mumra_chevron_long,
          nicolae_vaults_trapezoid_1, nicolae_vaults_theta,
          hangedman_vaults_nails, nicolae_vaults_trapezoid_lopsided_1,
          layout_vaults_omnibox, serial_shops, statue_bzr, serial_glass,
          uniq_margery
Vaults:4: nicolae_vaults_swerve, ontoclasm_vaults_twist,
          nicolae_vaults_doubleplus_tesselated, nicolae_vaults_alarming,
          nicolae_vaults_offset_grid_hallway_3,
          nicolae_vaults_windows_and_doors_thing, v_pattern_4,
          nicolae_vaults_arrows, dpeg_vaults_hating_casters,
          ontoclasm_vaults_ring_square, layout_vaults_maze_bifur
Vaults:5
Depths:1: layout_cave_pools, hell_entry, fedhas_altar_2,
          nicolae_qazlal_style_of_elements
Depths:2: minmay_haunted_quarter, layout_gridlike,
          hangedman_abyss_or_decor_stabs, hellmouth_2, pan_entry,
          infiniplex_staircase_star, uniq_grunn, uniq_enchantress, uniq_mara
Depths:3: gammafunk_jiyva_shrine, layout_small_grid, pf_hell_entry_tar_spiral,
          elyvilon_altar_1, abyss_entry, minmay_shoptagon
Depths:4: grunt_zot_entry_tricorne, layout_gridlike, enter_ziggurat_c,
          hangedman_abyss_or_decor_passed, mu_enter_wizlab_7, hell_entry,
          hangedman_abyss_entry_splay, serial_bayou_shore_b, uniq_josephina
Zot:1:    layout_onion_interference, drop_trap, st_stairs_4
Zot:2:    layout_gridlike, st_stairs_14, nicolae_diode_stairs
Zot:3:    gammafunk_sealed_library, layout_gridlike
Zot:4:    dreamdust_black_sun_cult, layout_gridlike
Zot:5:    layout_misc_corridors

Skill      XL: |  1  2  3  4  5  6  7  8  9 10 11 12 13 14 15 16 17 18 19 20 21 22 23 24 25 26 |
---------------+-------------------------------------------------------------------------------+-----
Short Blades   | 3 4 5 6 8 9 10 | 10.0
Stealth        | 1 2 3 4 5 6 9 11 12 14 15 | 15.0
Fighting       | 3 4 5 7 9 11 12 13 14 15 16 17 18 19 20 21 22 23 24 25 | 25.0
Shields        | 3 5 7 10 12 13 14 15 | 15.0
Armour         | 3 6 8 9 10 11 12 13 14 15 16 | 16.6
Dodging        | 4 6 7 8 9 10 11 12 13 14 15 | 15.2
Throwing       | 1 4 6 10 16 | 16.0
Evocations     | 3 5 6 9 12 13 | 13.2
Maces & Flails | 2 5 7 9 11 12 | 12.0

Action                     |  1- 3 |  4- 6 |  7- 9 | 10-12 | 13-15 | 16-18 | 19-21 | 22-24 | 25-27 || total
---------------------------+-------+-------+-------+-------+-------+-------+-------+-------+-------++-------
  Melee: Short sword       |    12 |   108 |   263 |   812 |  1668 |  1282 |       |       |       ||  4145
         Dagger            |    45 |    99 |       |       |       |       |       |       |       ||   144
         Bite              |     9 |    58 |    91 |   292 |   764 |   888 |   929 |  1234 |   410 ||  4675
         Punch             |       |     2 |     3 |       |       |       |       |       |       ||     5
         Demon whip        |       |       |       |       |       |   503 |  1628 |  1567 |   709 ||  4407
         Quick blade       |       |       |       |       |       |       |   108 |   459 |       ||   567
   Fire: Sling             |    38 |    74 |    15 |       |       |       |       |       |       ||   127
  Throw: Dart              |       |       |     1 |    29 |    47 |   368 |    11 |    30 |       ||   486
         Stone             |       |       |    11 |     7 |       |       |       |       |       ||    18
         Boomerang         |       |       |       |       |       |     4 |       |    87 |   121 ||   212
         Javelin           |       |       |       |       |       |       |       |     6 |     4 ||    10
 Invoke: Berserk           |     1 |     4 |     3 |     9 |     3 |     7 |       |       |       ||    27
         Trog's Hand       |       |       |     1 |       |     1 |     1 |     9 |     7 |     2 ||    21
         Brothers in Arms  |       |       |       |       |     8 |     4 |     4 |     7 |       ||    23
  Evoke: Wand              |       |       |     1 |       |    67 |    20 |     7 |     9 |     5 ||   109
         Lightning rod     |       |       |       |       |       |     4 |     2 |     4 |       ||    10
         Box of beasts     |       |       |       |       |       |     1 |     3 |     1 |       ||     5
    Use: Scroll            |     2 |     7 |     7 |    13 |     5 |    14 |    17 |    26 |     8 ||    99
         Potion            |       |       |       |       |       |     6 |     4 |    13 |    10 ||    33
   Stab: Sleeping          |     2 |     2 |     1 |     8 |     8 |    12 |    19 |    25 |       ||    77
         Distracted        |       |     1 |       |       |     4 |       |     6 |     3 |     2 ||    16
         Invisible         |       |       |       |       |       |       |    12 |       |       ||    12
 Armour: Animal skin       |     4 |       |       |       |       |       |       |       |       ||     4
         Leather armour    |     6 |    31 |    46 |    67 |       |       |       |       |       ||   150
         Acid dragon scale |       |       |       |   161 |   426 |   504 |   258 |   217 |       ||  1566
         Shadow dragon sca |       |       |       |       |       |       |       |    50 |   134 ||   184
         Skin              |       |       |       |       |       |       |       |     3 |       ||     3
  Dodge: Dodged            |    27 |   101 |    84 |   215 |   688 |   959 |   702 |   718 |   162 ||  3656
  Block: Buckler           |       |       |    16 |   194 |   418 |   600 |   300 |       |       ||  1528
         Reflection        |       |       |     1 |     7 |    13 |     6 |    10 |    13 |     8 ||    58
         Kite shield       |       |       |       |       |       |       |   286 |   871 |   292 ||  1449
